AoeStats
← Privilege

Highland

506893484Analyzed
4v4 RM · 16d ago on Sep 15, 2026· 17m 56s· 8 players
Game mode
Random Map
Map size
Large (8 player)
Population
200
Speed
Normal
Resources
Standard
Victory
Conquest
Starting age
Dark Age
Ending age
Imperial Age
RankedLock teamsTeams togetherTeam positionsShared explorationLock speedFull tech treeHidden civsTurbo modeCheats
Victory
Defeat
🇨🇳 Malay · China
1566
+9
🇨🇳 Malians · China
1506
+11
🇨🇳 Khmer · China
1312
+19
🇨🇳 Britons · China
1256
+21
🇺🇸 Vietnamese · United States
1433
-17
🇩🇪 Celts · Germany
1388
-15
🇩🇪 Italians · Germany
1380
-15
🇦🇷 Huns · Argentina
1334
-13
椒香三角铁
6:46 Loom
11:38 Feudal Age
15:56 Castle Age
15:46 Double-Bit Axe
坐边抗压沙包人
9:45 Feudal Age
11:39 Double-Bit Axe
16:57 Castle Age
14:47 Loom
14:55 Gold Mining
15:50 Fletching
17:36 Bodkin Arrow
17:55 Crossbowman
Privilege
12:07 Feudal Age
15:33 Castle Age
13:25 Double-Bit Axe
15:33 Medium Warships
15:47 Loom
心如止水
7:52 Loom
10:16 Feudal Age
10:49 Double-Bit Axe
11:25 Double-Bit Axe
15:37 Scale Barding Armor
15:43 Forging
MacBookUser
6:27 Loom
9:51 Feudal Age
11:03 Double-Bit Axe
19:23 Castle Age
tschipe2_0
11:28 Feudal Age
11:55 Double-Bit Axe
17:22 Castle Age
15:56 Horse Collar
17:52 Loom
Juanki
0:29 Loom
10:59 Feudal Age
15:23 Castle Age
14:26 Horse Collar
14:57 Double-Bit Axe
17:18 Scale Barding Armor
M*rpheu$
6:40 Loom
10:34 Feudal Age
15:34 Castle Age
14:45 Double-Bit Axe
14:44 Horse Collar
Connection lost

Rejoining the realm…

Still unreachable

The connection could not be restored.

Session expired

The server has moved on; the page needs a fresh start.